 Dungeon Crawl Stone Soup version 0.20.1-1-g8b1a95d (webtiles) character file.

39 OneorTwo the Digger (level 3, -1/19 HPs)
             Began as a Gargoyle Earth Elementalist on Aug 3, 2017.
             Slain by a hobgoblin (3 damage)
             ... led by Robin
             ... on level 2 of the Dungeon.
             The game lasted 00:05:37 (1074 turns).

OneorTwo the Digger (Gargoyle Earth Elementalist)   Turns: 1074, Time: 00:05:37

Health: -1/19      AC:  5    Str: 11    XL:     3   Next: 45%
Magic:  3/7        EV: 15    Int: 16    God:
Gold:   29         SH:  0    Dex: 10    Spells: 6/7 levels left

rFire    . . .     SeeInvis .   q - +0 whip
rCold    . . .     Gourm    .   (no shield)
rNeg     + . .     Faith    .   c - +0 robe
rPois    ∞         Spirit   .   (no helmet)
rElec    +         Reflect  .   (no cloak)
rCorr    .         Harm     .   (no gloves)
MR       .....                  (no boots)
Stlth    ++........             o - amulet of rage
Regen    0.1/turn               g - +3 ring of evasion
MPRegen  0.1/turn               (no ring)

@: no status effects
A: negative energy resistance 1, electricity resistance, unbreathing,
petrification resistance, rot immunity, AC +3
a: Evoke Berserk Rage


You were on level 2 of the Dungeon.
You were hungry.

You visited 1 branch of the dungeon, and saw 2 of its levels.

You collected 29 gold pieces.

Inventory:

Hand Weapons
 q - a +0 whip (weapon)
Missiles
 b - 20 stones
 i - 4 tomahawks (quivered)
Armour
 c - a +0 robe (worn)
Jewellery
 g - a +3 ring of evasion (left hand)
 o - an amulet of rage (around neck)
Scrolls
 j - 3 scrolls of identify {unknown}
 n - a scroll of teleportation {unknown}
 s - a scroll of fear {unknown}
Potions
 a - a potion of agility {unknown}
 h - a potion of cancellation {unknown}
 k - 2 potions of lignification {unknown}
 m - a potion of mutation {unknown}
 p - a potion of might {unknown}
Books
 e - a book of Geomancy

   Spells                             Type                      Level
   a - Sandblast                      Earth                        1
   b - Passwall                       Transmutation/Earth          2
   c - Stone Arrow                    Conjuration/Earth            3
   d - Petrify                        Transmutation/Earth          4
   e - Lee's Rapid Deconstruction     Earth                        5
Comestibles
 d - a bread ration
 f - a chunk of flesh
 l - 2 royal jellies
 r - a meat ration


   Skills:
 - Level 1.5 Dodging
 - Level 2.1 Stealth
 + Level 2.9 Spellcasting
   Level 0.7 Transmutations
 + Level 4.4 Earth Magic


You had 6 spell levels left.
You knew the following spells:

 Your Spells              Type           Power        Failure   Level  Hunger
a - Sandblast             Erth           ###...       3%          1    #......


Dungeon Overview and Level Annotations

Branches:
Dungeon (2/15)

Altars:

Annotations:
D:2 Robin


Innate Abilities, Weirdness & Mutations

You are resistant to torment.
Your stone body is resilient. (AC +3)
You are immune to poison.
You resist negative energy. (rN+)
You are resistant to electric shocks. (rElec)
You can survive without breathing.
You are immune to petrification.
You are immune to rotting.


Message History

The hobgoblin no longer looks unusually strong.
Robin roars a battlecry!
The goblins go into a battle-frenzy!
The goblin hits you but does no damage. The hobgoblin hits you.
The goblin barely misses you.
You hit the goblin.
The goblin is severely wounded.
Robin throws the goblin at you! The goblin closely misses you.
The hobgoblin hits you but does no damage.
The goblin closely misses you. The goblin barely misses you.
The goblin closely misses you.
The goblin no longer looks unusually strong.
The hobgoblin hits you but does no damage.
Robin throws the goblin at you! The goblin hits you but does no damage.
Robin throws the goblin at you!
* * * LOW HITPOINT WARNING * * *
The goblin hits you with a club.
* * * LOW HITPOINT WARNING * * *
The hobgoblin hits you.
You die...

######### .(......
........# #......
...$....# #......
........# #.....#
........### #(>..#
.......<..## #)...#
........#g÷###)##.#
........##@g.g.##.#
#####.#...gg.)....##
#.#.###..####..##
#####...#....gg.g...#
#..........#######......
#####...#### #......
#...# ...... #...#
.##+## #...# #


You could see Robin, 2 hobgoblins and 4 goblins.

Vanquished Creatures
  2 dart slugs (D:1)
  A bat (D:1)
  3 giant cockroaches
  7 goblins
  6 hobgoblins
  7 kobolds (D:1)
  A frilled lizard (D:1)
  4 rats
31 creatures vanquished.

Notes
Turn   | Place    | Note
-------+----------+-------------------------------------------
     0 | D:1      | OneorTwo the Gargoyle Earth Elementalist began the quest for the Orb.
     0 | D:1      | Reached XP level 1. HP: 10/10 MP: 3/3
   153 | D:1      | Reached XP level 2. HP: 15/15 MP: 1/5
   154 | D:1      | Reached skill level 4 in Earth Magic
   601 | D:1      | Reached XP level 3. HP: 19/19 MP: 5/7
   957 | D:2      | Noticed Robin
  1074 | D:2      | Slain by a hobgoblin

Skill      XL: |  1  2 |
---------------+-------+-----
Earth Magic    | 4 |  4.4
Dodging        | |  1.5
Stealth        | |  2.1
Spellcasting   | |  2.9
Transmutations | |  0.7

Action                   || total
-------------------------++-------
Melee: Unarmed           ||     1
       Whip              ||    38
Throw: Tomahawk          ||     3
       Stone             ||     1
 Cast: Sandblast         ||    35
Armor: Robe              ||    15
Dodge: Dodged            ||    46
